 Dungeon Crawl Stone Soup version 0.27-a0-343-gfcad680f63 (webtiles) character file.

Game seed: 10135949509262291792

1343090 hehateme the Middleweight Champion (level 27, 245/273 HPs)
             Began as a Minotaur Monk on Feb 12, 2021.
             Was an Initiate of Gozag.
             Escaped with the Orb
             ... and 3 runes on Feb 15, 2021!
             The game lasted 04:18:27 (141030 turns).

hehateme the Middleweight Champion (MiMo)         Turns: 141030, Time: 04:18:28

Health: 245/273    AC: 37    Str: 28    XL:     27
Magic:  17/19      EV: 16    Int:  7    God:    Gozag
Gold:   1114       SH: 25    Dex: 18    Spells: 26/26 levels left

rFire    + + +     SeeInvis +     - Unarmed
rCold    + + .     Faith    .   J - +5 kite shield {reflect}
rNeg     . . .     Spirit   +   d - +3 plate armour {rF+} {rF+}
rPois    +         Reflect  +   W - +1 hat
rElec    .         Harm     .   Z - scarf {rC+ rF+}
rCorr    .         Rampage  .   v - +1 pair of gloves of Supple Strength {Slay+2}
Will     ++...     Rnd*Rage +   r - +2 pair of boots {obsolete}
Stlth    ..........             G - amulet "Xitemyet" {Spirit Dex+4 SInv}
HPRegen  0.55/turn              P - ring of poison resistance
MPRegen  0.16/turn              F - ring of protection from fire

@: studying Stealth
A: retaliatory headbutt, beak, horns 2, icy blue scales 1, slimy green scales 2,
berserk 1, cold resistance 1, deterioration 1, low mp 1, mutation resistance 1
0: Orb of Zot
}: 3/15 runes: decaying, slimy, silver
a: Renounce Religion, Potion Petition, Call Merchant, Bribe Branch


You escaped.
You worshipped Gozag.
Gozag was most pleased with you.
You visited 11 branches of the dungeon, and saw 55 of its levels.
You visited the Abyss 1 time.
You visited 1 bazaar.

You collected 32480 gold pieces.
You spent 5981 gold pieces at shops.
You paid 25385 gold pieces to Gozag.

Inventory:

Missiles
 n - 5 silver boomerangs (quivered)
 s - 8 silver javelins
 B - 6 throwing nets {=f}
 E - 25 boomerangs
Armour
 d - a +3 plate armour of fire resistance (worn) {rF+}
 r - a +2 pair of boots of running (worn)
 v - the +1 pair of gloves of Supple Strength (worn) {Slay+2}
   (You found it on level 5 of the Pits of Slime)

   It affects your accuracy and damage with ranged weapons and melee attacks
   (+2).
 J - a +5 kite shield of reflection (worn)
 W - a +1 hat (worn)
 Z - a scarf of resistance (worn)
Jewellery
 c - a ring of willpower
 y - a +4 ring of evasion
 C - a ring of resist corrosion
 F - a ring of protection from fire (right hand)
 G - the amulet "Xitemyet" (around neck) {Spirit Dex+4 SInv}
   (You took it off a deep elf demonologist on level 3 of the Elven Halls)

   [amulet of guardian spirit]

   It causes incoming damage to be split between your health and magic.
   It affects your dexterity (+4).
   It lets you see invisible.
 I - a ring of protection from cold
 N - a ring of positive energy {rN+}
 O - the ring of Xyinuckyw {Wiz Int+7, unknown}
   (You found it on level 5 of the Pits of Slime)

   [ring of wizardry]

   It improves your spell success rate.
   It affects your intelligence (+7).
 P - a ring of poison resistance (left hand)
 S - a ring of willpower
 T - a +4 ring of slaying
 U - a +6 ring of intelligence
 V - a ring of protection from fire
Wands
 g - a wand of acid (15)
 o - a wand of mindburst (8)
 D - a wand of digging (5)
Scrolls
 a - 3 scrolls of fog
 e - 2 scrolls of fear
 h - 5 scrolls of magic mapping {!r}
 i - 24 scrolls of identify
 p - 2 scrolls of vulnerability {!r!r}
 t - 19 scrolls of teleportation
 w - 2 scrolls of immolation {!r}
 x - 6 scrolls of enchant weapon
 H - 2 scrolls of torment {!r}
 R - 2 scrolls of silence
 Y - 2 scrolls of summoning
Potions
 b - 3 potions of might
 j - 8 potions of heal wounds
 k - 3 potions of berserk rage {!q}
 m - 4 potions of resistance
 q - 12 potions of flight
 u - a potion of invisibility
 z - a potion of lignification {!q}
 A - 7 potions of attraction {!q}
 K - a potion of cancellation
 L - 13 potions of curing
 X - a potion of mutation {!q}
Miscellaneous
 l - a phial of floods
 M - a phantom mirror
 Q - a tin of tremorstones (2/2)


   Skills:
 O Level 27 Fighting
 - Level 12.2 Throwing
 * Level 24.6 Armour
 - Level 10.4 Dodging
 - Level 9.6 Stealth
 O Level 27 Shields
 O Level 27 Unarmed Combat
 - Level 6.5 Evocations


You had 26 spell levels left.
You didn't know any spells.
Your spell library contained the following spells:

 Spells                   Type           Power        Failure   Level
 Animate Skeleton         Necr           0%           83%         1
 Apportation              Tloc           0%           83%         1
 Beastly Appendage        Tmut           0%           83%         1
 Corona                   Hex            0%           83%         1
 Freeze                   Ice            0%           83%         1
 Sandblast                Erth           0%           83%         1
 Shock                    Conj/Air       0%           83%         1
 Sting                    Tmut/Pois      0%           83%         1
 Summon Small Mammal      Summ           0%           83%         1
 Blink                    Tloc           N/A          93%         2
 Call Imp                 Summ           0%           93%         2
 Corpse Rot               Necr/Air       N/A          93%         2
 Ensorcelled Hibernation  Hex/Ice        0%           93%         2
 Passwall                 Tmut/Erth      0%           93%         2
 Poisonous Vapours        Pois/Air       0%           93%         2
 Sublimation of Blood     Necr           0%           93%         2
 Swiftness                Air            0%           93%         2
 Wereblood                Tmut           0%           93%         2
 Call Canine Familiar     Summ           0%           99%         3
 Conjure Flame            Conj/Fire      0%           99%         3
 Frozen Ramparts          Ice            0%           99%         3
 Gell's Gravitas          Tloc           0%           99%         3
 Ignite Poison            Fire/Tmut/Pois 0%           99%         3
 Inner Flame              Hex/Fire       0%           99%         3
 Lesser Beckoning         Tloc           0%           99%         3
 Mephitic Cloud           Conj/Pois/Air  0%           99%         3
 Ozocubu's Armour         Ice            0%           99%         3
 Portal Projectile        Hex/Tloc       0%           99%         3
 Spider Form              Tmut/Pois      0%           99%         3
 Static Discharge         Conj/Air       0%           99%         3
 Stone Arrow              Conj/Erth      0%           99%         3
 Summon Guardian Golem    Hex/Summ       0%           99%         3
 Teleport Other           Tloc           0%           99%         3
 Tukima's Dance           Hex            0%           99%         3
 Vampiric Draining        Necr           0%           99%         3
 Airstrike                Air            0%           100%        4
 Animate Armour           Summ/Erth      0%           100%        4
 Animate Dead             Necr           0%           100%        4
 Cause Fear               Hex            0%           100%        4
 Dispel Undead            Necr           0%           100%        4
 Hailstorm                Conj/Ice       0%           100%        4
 Ice Form                 Ice/Tmut       0%           100%        4
 Iskenderun's Mystic Bla  Conj/Tloc      0%           100%        4
 Leda's Liquefaction      Hex/Erth       0%           100%        4
 Passage of Golubria      Tloc           N/A          100%        4
 Petrify                  Tmut/Erth      0%           100%        4
 Summon Ice Beast         Ice/Summ       0%           100%        4
 Summon Lightning Spire   Summ/Air       0%           100%        4
 Agony                    Necr           0%           100%        5
 Alistair's Intoxication  Tmut/Pois      0%           100%        5
 Blade Hands              Tmut           0%           100%        5
 Bolt of Magma            Conj/Fire/Erth 0%           100%        5
 Borgnjor's Vile Clutch   Necr/Erth      0%           100%        5
 Excruciating Wounds      Necr           0%           100%        5
 Irradiate                Conj/Tmut      0%           100%        5
 Lee's Rapid Deconstruct  Erth           0%           100%        5
 Lightning Bolt           Conj/Air       0%           100%        5
 Metabolic Englaciation   Hex/Ice        0%           100%        5
 Silence                  Hex/Air        0%           100%        5
 Summon Forest            Summ/Tloc      0%           100%        5
 Summon Mana Viper        Hex/Summ       0%           100%        5
 Yara's Violent Unravell  Hex/Tmut       0%           100%        5
 Conjure Ball Lightning   Conj/Air       0%           100%        6
 Death Channel            Necr           0%           100%        6
 Dispersal                Tloc           0%           100%        6
 Eringya's Noxious Bog    Tmut/Pois      0%           100%        6
 Freezing Cloud           Conj/Ice/Air   0%           100%        6
 Hydra Form               Tmut           0%           100%        6
 Invisibility             Hex            0%           100%        6
 Shadow Creatures         Summ           N/A          100%        6
 Simulacrum               Ice/Necr       0%           100%        6
 Ozocubu's Refrigeration  Ice            0%           100%        7
 Summon Hydra             Summ           0%           100%        7
 Discord                  Hex            0%           100%        8
 Disjunction              Tloc           0%           100%        8
 Tornado                  Air            0%           100%        9


Dungeon Overview and Level Annotations

Branches:
Dungeon (15/15)            Temple (1/1) D:7            Lair (6/6) D:10
  Swamp (4/4) Lair:4        Snake (4/4) Lair:4        Slime (5/5) Lair:5
    Orc (2/2) D:10            Elf (3/3) Orc:2        Vaults (5/5) D:14
  Crypt (0/3) Vaults:2     Depths (5/5) D:15            Zot (5/5) Depths:5

Altars:
Ashenzari
Cheibriados
Elyvilon
Fedhas
Gozag
Kikubaaqudgha
Makhleb
Nemelex Xobeh
Okawaru
Qazlal
Ru
Sif Muna
Trog
Uskayaw
Vehumet
Wu Jian
Xom
Yredelemnul
Zin
The Shining One
Beogh

Shops:
Orc:1 =*   Orc:2 [([(   Elf:2 :   Swamp:4 *   Snake:4 *==:   Vaults:1 *
Vaults:2 !   Depths:1 [   Depths:5 !

Portals:
Hell: Depths:1 Depths:2 Depths:3 Depths:4 Depths:5
Abyss: Depths:1 Depths:4
Pandemonium: Depths:2 Depths:3
Trove: D:15 (give +3 shadow dragon scales)

Annotations:
Lair:3 3 runed translucent doors, Cyda Jyj's ghost, journeyman DsGl
Lair:6 exclusion: oklob plant
Swamp:3 3 runed translucent doors, KCGemini's ghost, journeyman FeBe; Ykec Esm's ghost, journeyman DrWn
Elf:2 exclusion: 3 doors
Elf:3 1 exclusion
Vaults:1 3 runed translucent doors, 2 transporters, DizzySkin's ghost, veteran MiBe; Droegar's ghost, adept MiBe; Forgeling's ghost, adept FeEn; Morgoth's ghost, adept OpEE; Sibahig's ghost, veteran HOMo
Vaults:4 Margery
Depths:1 2 transporters, Morgoth's ghost, adept DgAr
Depths:4 exclusions: daeva and downstairs
Zot:2 3 runed translucent doors, Akugygoc's ghost, legendary MiFi; Etiafa's ghost, legendary TrWz
Zot:5 1 exclusion


Innate Abilities, Weirdness & Mutations

You reflexively headbutt those who attack you in melee.
You have a pair of horns on your head.
You have a beak for a mouth.
You are partially covered in icy blue scales. (AC +2)
You are mostly covered in slimy green scales. (AC +3)
You tend to lose your temper in combat.
Your flesh is cold resistant. (rC+)
Your body sometimes deteriorates upon taking damage.
Your magical capacity is low. (-10% MP)
You are somewhat resistant to further mutation.


Message History

You climb upwards.
There is a stone staircase leading down here.
There is a stone staircase leading up here.
You regained 14 hp, and now have 214/273 hp.
You climb upwards.
There is a stone staircase leading down here.
You open the door.
There is an open door here.
There is a stone staircase leading up here.
You regained 15 hp, and now have 230/273 hp.
You climb upwards.
There is a stone staircase leading down here.
You regained 2 hp, and now have 232/273 hp.
You can't go up here!
There is a stone staircase leading up here.
You regained 13 hp, and now have 245/273 hp.
You climb upwards.
There is a stone staircase leading down here.
An Orb Guardian comes into view.
Health restored: 273 You can't go up here!
Unknown command.
The Orb Guardian hits you!
You take 8 damage, and have 265/273 hp.
You now have 18/19 mp.
You block the Orb Guardian's attack. x2
You block the Orb Guardian's attack. The Orb Guardian hits you.
There is an open door here.
You take 2 damage, and have 265/273 hp.
You block the Orb Guardian's attack.
MP restored: 19 You block the Orb Guardian's attack.
The Orb Guardian hits you!
You take 8 damage, and have 260/273 hp.
You now have 18/19 mp.
You block the Orb Guardian's attack. The Orb Guardian hits you!!
There is a staircase leading out of the dungeon, spattered with blood here.
You take 16 damage, and have 245/273 hp.
You now have 17/19 mp.
You block the Orb Guardian's attack.
You have escaped!

### #.##### #......
#.##### ###########
#.# #.........# #.#
#...###...###.#
#.@.#.#...'.#.#
#..X###...#...#####
#.........###......
###################
#............
#.###########
#.###########
#>...........
#.##########.

Skill      XL: |  1  2  3  4  5  6  7  8  9 10 11 12 13 14 15 16 17 18 19 20 21 22 23 24 25 26 27 |
---------------+----------------------------------------------------------------------------------+-----
Fighting       | 4 5 6 7 8 10 12 14 15 16 17 18 19 20 21 22 23 24 25 26 27 | 27.0
Unarmed Combat | 4 5 6 7 9 10 12 14 16 17 19 20 21 22 23 24 25 26 27 | 27.0
Evocations     | 1 6 |  6.5
Stealth        | 5 7 8 9 |  9.6
Armour         | 3 5 11 14 16 17 20 21 24 | 24.6
Shields        | 4 8 12 14 15 16 18 22 27 | 27.0
Dodging        | 8 10 | 10.4
Throwing       | 1 4 11 12 | 12.2

Notes
Turn   | Place    | Note
-------+----------+-------------------------------------------
     0 | D:1      | hehateme the Minotaur Monk began the quest for the Orb.
     0 | D:1      | Reached XP level 1. HP: 19/19 MP: 0/0
   145 | D:1      | Reached XP level 2. HP: 26/27 MP: 1/1
   302 | D:1      | Reached skill level 4 in Fighting
   537 | D:1      | Reached skill level 4 in Unarmed Combat
  1237 | D:2      | Found a shimmering altar of Xom.
  1251 | D:2      | Reached XP level 3. HP: 27/33 MP: 2/2
  1745 | D:2      | Found a sparkling altar of Nemelex Xobeh.
  1863 | D:2      | Found an iron altar of Okawaru.
  1986 | D:2      | Reached XP level 4. HP: 33/41 MP: 3/3
  2449 | D:3      | Reached skill level 5 in Unarmed Combat
  3025 | D:3      | Found a radiant altar of Vehumet.
  3234 | D:4      | Reached skill level 5 in Fighting
  3234 | D:4      | Reached XP level 5. HP: 48/48 MP: 4/4
  3245 | D:4      | Noticed Grinder
  3259 | D:4      | Killed Grinder
  3260 | D:4      | Reached skill level 6 in Unarmed Combat
  3260 | D:4      | Reached XP level 6. HP: 57/57 MP: 5/5
  3307 | D:4      | Reached skill level 6 in Fighting
  3307 | D:4      | Reached skill level 7 in Unarmed Combat
  3659 | D:4      | Noticed a fire elemental
  3663 | D:4      | Noticed an air elemental
  3665 | D:4      | Found a stormy altar of Qazlal.
  3666 | D:4      | Noticed a water elemental
  3904 | D:5      | Entered Level 5 of the Dungeon
  4005 | D:5      | Found a shimmering altar of Xom.
  4186 | D:5      | Reached XP level 7. HP: 47/63 MP: 6/6
  4579 | D:5      | Found a blossoming altar of Fedhas.
  4958 | D:5      | Gained mutation: You occasionally shout uncontrollably at
                  | your foes. [potion of mutation]
  4958 | D:5      | Gained mutation: Your flesh is cold resistant. (rC+)
                  | [potion of mutation]
  4958 | D:5      | Gained mutation: You are partially covered in slimy green
                  | scales. (AC +2) [potion of mutation]
  4958 | D:5      | Gained mutation: You are mostly covered in slimy green
                  | scales. (AC +3) [potion of mutation]
  5243 | D:6      | Reached skill level 8 in Unarmed Combat
  5256 | D:6      | Reached skill level 7 in Fighting
  5520 | D:6      | Reached skill level 9 in Unarmed Combat
  5520 | D:6      | Reached XP level 8. HP: 73/73 MP: 7/7
  5566 | D:6      | Found a glowing golden altar of the Shining One.
  5926 | D:6      | Found a shimmering blue altar of Sif Muna.
  5998 | D:7      | Found a snail-covered altar of Cheibriados.
  6276 | D:6      | Reached skill level 8 in Fighting
  6418 | D:7      | Reached skill level 10 in Unarmed Combat
  6622 | D:7      | Found a staircase to the Ecumenical Temple.
  6632 | Temple   | Entered the Ecumenical Temple
  6662 | Temple   | Became a worshipper of Gozag Ym Sagoz the Greedy
  6774 | D:7      | Noticed Menkaure
  6859 | D:5      | Reached XP level 9. HP: 33/82 MP: 8/8
  7078 | D:6      | Reached skill level 9 in Fighting
  7078 | D:6      | Reached skill level 11 in Unarmed Combat
  7455 | D:7      | Killed Menkaure
  7795 | D:8      | Noticed Erica
  7808 | D:8      | Killed Erica
  7809 | D:8      | Reached skill level 10 in Fighting
  7809 | D:8      | Reached skill level 12 in Unarmed Combat
  7828 | D:8      | Noticed a two-headed ogre
  7848 | D:8      | Killed a two-headed ogre
  8043 | D:8      | You fall into a shaft and drop 1 floor!
  8087 | D:9      | Found a broken altar of Ashenzari.
  8095 | D:9      | Noticed a troll
  8108 | D:8      | HP: 19/86 [troll (4)]
  8111 | D:8      | Killed a troll
  8112 | D:8      | Reached XP level 10. HP: 20/94 MP: 9/9
  8478 | D:8      | Found an ornate altar of the Wu Jian Council.
  8690 | D:8      | Noticed a two-headed ogre
  8704 | D:8      | Killed a two-headed ogre
  8705 | D:8      | Reached skill level 13 in Unarmed Combat
  8817 | D:8      | Found an ancient bone altar of Kikubaaqudgha.
  8984 | D:8      | Reached skill level 11 in Fighting
  9834 | D:9      | Found a basalt altar of Yredelemnul.
 10077 | D:9      | Reached skill level 14 in Unarmed Combat
 11213 | D:9      | Reached skill level 12 in Fighting
 11453 | D:10     | Entered Level 10 of the Dungeon
 11461 | D:9      | Reached skill level 1 in Evocations
 11461 | D:9      | Reached XP level 11. HP: 91/104 MP: 10/10
 11643 | D:10     | Reached skill level 2 in Evocations
 11788 | D:10     | Found a staircase to the Orcish Mines.
 12028 | D:10     | Found a staircase to the Lair.
 12235 | D:10     | Reached skill level 3 in Evocations
 12254 | D:9      | HP: 22/105 [yak (6)]
 12790 | D:10     | Reached skill level 4 in Evocations
 13123 | D:11     | Noticed a four-headed hydra
 13252 | Orc:1    | Entered Level 1 of the Orcish Mines
 13252 | Orc:1    | Found Jibisk's Jewellery Emporium.
 13316 | D:11     | Reached skill level 13 in Fighting
 13746 | D:11     | Reached skill level 5 in Evocations
 13938 | D:11     | Noticed a red ugly thing
 13946 | D:11     | Killed a red ugly thing
 14123 | D:11     | HP: 18/108 [cyclops (15)]
 14128 | D:11     | Reached skill level 6 in Evocations
 14400 | D:11     | Reached skill level 14 in Fighting
 15057 | D:11     | Killed a four-headed hydra
 15058 | D:11     | Reached XP level 12. HP: 78/117 MP: 11/11
 15063 | D:11     | Reached skill level 2 in Stealth
 16295 | D:12     | Reached skill level 15 in Unarmed Combat
 16876 | D:12     | Noticed a boulder beetle
 16956 | D:12     | Killed a boulder beetle
 16957 | D:12     | Reached skill level 3 in Stealth
 17086 | Lair:1   | Entered Level 1 of the Lair of Beasts
 17661 | Lair:1   | Noticed an eight-headed hydra
 17674 | Lair:1   | Killed an eight-headed hydra
 17686 | Lair:1   | Reached skill level 4 in Stealth
 18573 | Lair:1   | Reached skill level 15 in Fighting
 19114 | Lair:2   | Reached skill level 16 in Unarmed Combat
 19375 | Lair:2   | Noticed a seven-headed hydra
 19381 | Lair:2   | Killed a seven-headed hydra
 19997 | Lair:3   | Reached skill level 5 in Stealth
 20028 | Lair:3   | Found a runed translucent gate.
 20038 | Lair:3   | Noticed a minotaur
 20038 | Lair:3   | Noticed Cyda Jyj's ghost (journeyman DsGl)
 20491 | Lair:3   | Reached XP level 13. HP: 127/127 MP: 12/12
 20656 | Lair:3   | Found a runed translucent gate.
 20656 | Lair:3   | Found a runed translucent gate.
 21267 | Lair:4   | Found a staircase to the Snake Pit.
 21796 | Lair:4   | HP: 31/127 [water moccasin (3)]
 22591 | Lair:4   | Reached skill level 6 in Stealth
 22599 | Lair:4   | Reached skill level 17 in Unarmed Combat
 23399 | Lair:4   | Found a staircase to the Swamp.
 24830 | Lair:5   | Reached skill level 16 in Fighting
 25289 | Lair:4   | Reached skill level 7 in Stealth
 25368 | Lair:4   | Upgraded the game from 0.27-a0-328-g7f782ed93a to
                  | 0.27-a0-333-gfa571bf19a
 26197 | Lair:5   | Found a staircase to the Slime Pits.
 26445 | Lair:6   | Entered Level 6 of the Lair of Beasts
 26639 | Lair:5   | Reached XP level 14. HP: 123/137 MP: 13/13
 26893 | Lair:6   | Noticed Kirke
 26946 | Lair:5   | Reached skill level 18 in Unarmed Combat
 27265 | Lair:5   | Killed Kirke
 28805 | Lair:6   | Reached skill level 8 in Stealth
 31234 | Snake:1  | Entered Level 1 of the Snake Pit
 31334 | Snake:1  | Reached skill level 17 in Fighting
 31340 | Lair:4   | HP: 35/140 [poisoned by a black mamba]
 31345 | Lair:4   | HP: 33/140 [poisoned by a black mamba]
 31352 | Lair:4   | HP: 34/140 [poisoned by a black mamba]
 31358 | Lair:4   | HP: 34/140 [poisoned by a black mamba]
 32570 | Lair:4   | Reached skill level 1 in Armour
 32715 | Lair:4   | Reached skill level 19 in Unarmed Combat
 33552 | Snake:1  | Reached skill level 2 in Armour
 34913 | Snake:1  | Reached skill level 3 in Armour
 35100 | Snake:1  | Reached XP level 15. HP: 111/147 MP: 10/14
 35387 | Snake:1  | HP: 53/220 [mana viper (9)]
 35391 | Snake:1  | Reached skill level 9 in Stealth
 35391 | Snake:1  | HP: 25/147 [poisoned by a black mamba]
 35396 | Snake:1  | HP: 20/147 [poisoned by a black mamba]
 35402 | Snake:1  | HP: 18/147 [poisoned by a black mamba]
 35408 | Snake:1  | HP: 18/147 [poisoned by a black mamba]
 35415 | Snake:1  | HP: 19/147 [poisoned by a black mamba]
 36756 | Snake:1  | Reached skill level 4 in Armour
 36761 | Snake:1  | HP: 36/147 [poisoned by a naga (splash of poison)]
 36766 | Snake:1  | HP: 33/147 [poisoned by a naga (splash of poison)]
 36771 | Snake:1  | HP: 31/147 [poisoned by a naga (splash of poison)]
 36777 | Snake:1  | HP: 30/147 [poisoned by a naga (splash of poison)]
 36783 | Snake:1  | HP: 30/147 [poisoned by a naga (splash of poison)]
 36791 | Snake:1  | HP: 30/147 [poisoned by a naga (splash of poison)]
 38172 | Snake:1  | HP: 36/147 [poisoned by a naga ritualist]
 38177 | Snake:1  | HP: 34/147 [poisoned by a naga ritualist]
 38183 | Snake:1  | HP: 33/147 [poisoned by a naga ritualist]
 38189 | Snake:1  | HP: 33/147 [poisoned by a naga ritualist]
 38197 | Snake:1  | HP: 34/147 [poisoned by a naga ritualist]
 38730 | Snake:2  | HP: 33/147 [shock serpent/electric aura (8)]
 41953 | Snake:2  | Reached skill level 5 in Armour
 42230 | Snake:2  | HP: 23/147 [naga ritualist/lance of force (24)]
 42242 | Snake:2  | HP: 36/147 [poisoned by a naga ritualist (toxic radiance)]
 42248 | Snake:2  | HP: 36/147 [poisoned by a naga ritualist (toxic radiance)]
 42255 | Snake:2  | HP: 35/147 [poisoned by a naga ritualist (toxic radiance)]
 42260 | Snake:2  | HP: 35/147 [poisoned by a naga ritualist (toxic radiance)]
 42266 | Snake:2  | HP: 36/147 [poisoned by a naga ritualist (toxic radiance)]
 42272 | Snake:2  | HP: 36/147 [poisoned by a naga ritualist (toxic radiance)]
 43131 | Snake:2  | HP: 36/148 [poisoned by a naga ritualist]
 43746 | D:9      | Lost mutation: You occasionally shout uncontrollably at
                  | your foes. [potion of mutation]
 43746 | D:9      | Gained mutation: You have a beak for a mouth. [potion of
                  | mutation]
 43746 | D:9      | Gained mutation: You are surrounded by a mild repulsion
                  | field. (EV +2) [potion of mutation]
 44743 | Snake:2  | Reached skill level 1 in Shields
 45037 | Snake:3  | Reached skill level 20 in Unarmed Combat
 45059 | Snake:3  | HP: 36/149 [poisoned by a naga sharpshooter (splash of
                  | poison)]
 45067 | Snake:3  | Reached skill level 2 in Shields
 45088 | Snake:3  | HP: 37/149 [poisoned by a naga ritualist]
 45094 | Snake:3  | HP: 37/149 [poisoned by a naga ritualist]
 45102 | Snake:3  | HP: 36/149 [poisoned by a naga ritualist]
 45107 | Snake:3  | HP: 37/149 [poisoned by a naga ritualist]
 45113 | Snake:3  | HP: 37/149 [poisoned by a naga ritualist]
 45119 | Snake:3  | HP: 37/149 [poisoned by a naga ritualist]
 45831 | Snake:3  | Reached skill level 3 in Shields
 45849 | Snake:3  | HP: 54/223 [anaconda (2)]
 45856 | Snake:3  | Reached skill level 18 in Fighting
 46507 | Snake:3  | HP: 37/149 [poisoned by a naga mage (bolt of poison)]
 46512 | Snake:3  | HP: 20/149 [poisoned by a naga mage (splash of poison)]
 46517 | Snake:3  | HP: 13/149 [poisoned by a naga mage (splash of poison)]
 47241 | Snake:3  | Reached skill level 4 in Shields
 47677 | Snake:3  | Reached XP level 16. HP: 65/157 MP: 6/15
 48553 | Snake:4  | Entered Level 4 of the Snake Pit
 48583 | Snake:3  | Reached skill level 4 in Dodging
 48596 | Snake:3  | HP: 39/157 [poisoned by a naga ritualist]
 48602 | Snake:3  | HP: 37/157 [poisoned by a naga ritualist]
 48607 | Snake:3  | HP: 37/157 [poisoned by a naga ritualist]
 48614 | Snake:3  | HP: 37/157 [poisoned by a naga ritualist]
 48622 | Snake:3  | HP: 38/157 [poisoned by a naga ritualist]
 49993 | Snake:4  | HP: 38/157 [naga warrior/+0 glaive (12)]
 50000 | Snake:4  | HP: 58/235 [poisoned by a naga warrior (splash of poison)]
 50005 | Snake:4  | HP: 55/235 [poisoned by a naga warrior (splash of poison)]
 50010 | Snake:3  | HP: 32/157 [poisoned by a naga warrior (splash of poison)]
 50015 | Snake:3  | HP: 31/157 [poisoned by a naga warrior (splash of poison)]
 50020 | Snake:3  | HP: 31/157 [poisoned by a naga warrior (splash of poison)]
 50025 | Snake:3  | HP: 31/157 [poisoned by a naga warrior (splash of poison)]
 50789 | Snake:4  | Reached skill level 5 in Dodging
 50974 | Snake:4  | HP: 39/158 [poisoned by a black mamba]
 50979 | Snake:4  | HP: 30/158 [poisoned by a black mamba]
 50984 | Snake:4  | HP: 24/158 [poisoned by a black mamba]
 50989 | Snake:4  | HP: 21/158 [poisoned by a black mamba]
 50994 | Snake:4  | HP: 18/158 [poisoned by a black mamba]
 50999 | Snake:4  | HP: 17/158 [poisoned by a black mamba]
 51004 | Snake:4  | HP: 17/158 [poisoned by a black mamba]
 51011 | Snake:4  | HP: 17/158 [poisoned by a black mamba]
 51019 | Snake:4  | HP: 18/158 [poisoned by a black mamba]
 52317 | Snake:4  | Found Iluihuaro's Assorted Antiques.
 52509 | Snake:4  | Reached skill level 6 in Dodging
 52764 | Snake:3  | HP: 38/159 [poisoned by a black mamba]
 52769 | Snake:3  | HP: 31/159 [poisoned by a black mamba]
 52774 | Snake:3  | HP: 21/159 [poisoned by a black mamba]
 52779 | Snake:3  | HP: 16/159 [poisoned by a black mamba]
 52784 | Snake:3  | HP: 12/159 [poisoned by a black mamba]
 52790 | Snake:3  | HP: 10/159 [poisoned by a black mamba]
 52795 | Snake:3  | HP: 9/159 [poisoned by a black mamba]
 52801 | Snake:3  | HP: 9/159 [poisoned by a black mamba]
 52809 | Snake:3  | HP: 10/159 [poisoned by a black mamba]
 53547 | Snake:3  | Reached skill level 21 in Unarmed Combat
 53922 | Snake:4  | Found Ukomyloe's Book Shop.
 53922 | Snake:4  | Found Wajinkem's Jewellery Shoppe.
 53971 | Snake:4  | Found Zili's Jewellery Shoppe.
 53977 | Snake:4  | Bought a +4 ring of slaying for 1170 gold pieces
 53977 | Snake:4  | Bought a ring of poison resistance for 300 gold pieces
 54490 | Snake:4  | Noticed Aizul
 55003 | Snake:4  | Killed Aizul
 55004 | Snake:4  | Reached skill level 7 in Dodging
 55761 | Snake:4  | HP: 35/159 [naga warrior/+0 trident (19)]
 55769 | Snake:4  | HP: 35/159 [poisoned by a naga warrior (splash of poison)]
 55776 | Snake:4  | HP: 35/159 [poisoned by a naga warrior (splash of poison)]
 55908 | Snake:4  | Reached skill level 8 in Dodging
 56852 | Snake:4  | Reached XP level 17. HP: 92/166 MP: 13/16
 56948 | Snake:4  | Reached skill level 9 in Dodging
 57052 | Snake:4  | Glimpsed the power of Zot.
 57560 | Snake:4  | Glimpsed the power of Zot.
 58393 | D:13     | Reached skill level 19 in Fighting
 60318 | D:14     | Reached skill level 10 in Dodging
 60376 | D:14     | Found an opulent altar of Gozag.
 60976 | D:14     | Found a gate to the Vaults.
 61017 | D:15     | Entered Level 15 of the Dungeon
 61041 | D:15     | Reached skill level 22 in Unarmed Combat
 61281 | D:15     | Reached skill level 5 in Shields
 61729 | D:15     | Found a staircase to the Depths.
 62072 | D:15     | Paralysed by an ogre mage for 2 turns
 62340 | D:14     | Reached skill level 6 in Shields
 63076 | D:15     | Found a portal to a secret trove of treasure.
 63396 | Orc:1    | You fall into a shaft and drop 1 floor!
 63396 | Orc:2    | Entered Level 2 of the Orcish Mines
 63826 | Orc:2    | Found a staircase to the Elven Halls.
 63832 | Orc:2    | Found a roughly hewn altar of Beogh.
 64036 | Orc:2    | Reached skill level 7 in Shields
 64621 | Orc:2    | Found a roughly hewn altar of Beogh.
 64622 | Orc:2    | Found Dixonur's Antique Weapon Shoppe.
 65025 | Orc:2    | Found a roughly hewn altar of Beogh.
 65040 | Orc:2    | Found Ymmailos's Armour Shop.
 65280 | Orc:2    | Found a roughly hewn altar of Beogh.
 65393 | Orc:2    | Found Zaiwez's Antique Weapon Shoppe.
 65396 | Orc:2    | Found a roughly hewn altar of Beogh.
 65407 | Orc:2    | Found Wekaemm's Antique Armour Emporium.
 65426 | Orc:2    | Bought an ichor-stained chain mail for 256 gold pieces
 65426 | Orc:2    | Identified the +0 chain mail of the Many Eyes {rC+ rN+
                  | Int-2 Dex+2} (You bought it in a shop on level 2 of the
                  | Orcish Mines)
 65688 | Orc:1    | Found Solloi's Assorted Antiques.
 65690 | Orc:1    | Noticed Josephine
 65699 | Orc:1    | Killed Josephine
 65708 | Orc:1    | Reached skill level 1 in Throwing
 65718 | Orc:1    | Bought a potion of lignification for 84 gold pieces
 65718 | Orc:1    | Bought a scroll of identify for 56 gold pieces
 66132 | Swamp:1  | Entered Level 1 of the Swamp
 66565 | Swamp:1  | Identified the Tome of Cloudy Stolen Souls
 67057 | Swamp:1  | Reached skill level 8 in Shields
 67057 | Swamp:1  | Identified a scroll of acquirement
 67058 | Swamp:1  | Acquired a +0 pair of gloves of dexterity
 67473 | Swamp:1  | Reached XP level 18. HP: 170/177 MP: 15/17
 68725 | Swamp:2  | Reached skill level 9 in Shields
 69494 | Swamp:2  | HP: 41/178 [spriggan rider/+0 spear (5)]
 69501 | Swamp:2  | HP: 44/178 [hornet (1)]
 70683 | Swamp:3  | Noticed Mara
 70699 | Swamp:3  | Killed Mara
 70700 | Swamp:3  | Reached skill level 10 in Shields
 70788 | Swamp:3  | Identified the ring of Enal {*Drain Will+ Int+7}
 70795 | Swamp:3  | Reached skill level 23 in Unarmed Combat
 71220 | Swamp:3  | Reached skill level 20 in Fighting
 71826 | Swamp:3  | Found a runed translucent gate.
 71826 | Swamp:3  | Found a runed translucent gate.
 71826 | Swamp:3  | Found a runed translucent gate.
 71830 | Swamp:3  | Noticed KCGemini's ghost (journeyman FeBe)
 71830 | Swamp:3  | Noticed Ykec Esm's ghost (journeyman DrWn)
 71888 | Swamp:4  | Entered Level 4 of the Swamp
 72232 | Swamp:3  | Reached skill level 11 in Shields
 72826 | Swamp:4  | Noticed a tentacled monstrosity
 72848 | Swamp:4  | Killed a tentacled monstrosity
 73134 | Swamp:4  | Noticed Donald
 73147 | Swamp:4  | Killed Donald
 73259 | Swamp:4  | Gained mutation: You are frail. (-10% HP) [a neqoxec]
 73263 | Swamp:4  | Gained mutation: You are weak. (Str -2) [a neqoxec]
 73583 | Swamp:4  | Noticed a tentacled monstrosity
 73589 | Swamp:4  | Reached skill level 12 in Shields
 73594 | Swamp:4  | Killed a tentacled monstrosity
 73670 | Swamp:4  | Reached XP level 19. HP: 137/168 MP: 18/18
 73717 | Swamp:4  | Noticed Nikola
 74659 | Swamp:4  | Bought a scroll of teleportation for 102 gold pieces
 74659 | Swamp:4  | Bought a potion of heal wounds for 170 gold pieces
 76204 | Swamp:4  | Paralysed by an orc sorcerer for 6 turns
 76319 | Swamp:4  | Reached skill level 13 in Shields
 76582 | Swamp:4  | Paralysed by a fenstrider witch for 6 turns
 76751 | Swamp:4  | Got a decaying rune of Zot
 77009 | Swamp:4  | Killed Nikola
 77503 | Vaults:1 | Entered Level 1 of the Vaults
 77503 | Vaults:1 | Found Baokiso's Assorted Antiques.
 77507 | Vaults:1 | Bought a potion of heal wounds for 170 gold pieces
 77507 | Vaults:1 | Bought a scroll labelled MOFYAXTI VOUM for 34 gold pieces
 78915 | Vaults:1 | Reached skill level 24 in Unarmed Combat
 79380 | Vaults:1 | HP: 36/168 [deep elf zephyrmancer/bolt of lightning (22)]
 80032 | Vaults:1 | Found a runed translucent gate.
 80032 | Vaults:1 | Noticed Sibahig's ghost (veteran HOMo)
 80033 | Vaults:1 | Found a runed translucent gate.
 80033 | Vaults:1 | Found a runed translucent gate.
 80033 | Vaults:1 | Noticed Morgoth's ghost (adept OpEE)
 80033 | Vaults:1 | Noticed Droegar's ghost (adept MiBe)
 80033 | Vaults:1 | Noticed DizzySkin's ghost (veteran MiBe)
 80033 | Vaults:1 | Noticed Forgeling's ghost (adept FeEn)
 80098 | Vaults:1 | Reached skill level 14 in Shields
 80683 | Vaults:1 | Found a transporter.
 80812 | Vaults:1 | Found a transporter.
 80813 | Vaults:1 | Found the +3 sling "Punk" {acid, rCorr}
 81851 | Vaults:1 | Reached skill level 21 in Fighting
 82172 | Vaults:2 | Reached XP level 20. HP: 167/178 MP: 19/19
 82269 | Vaults:2 | Noticed an entropy weaver
 82338 | Vaults:1 | Reached skill level 15 in Shields
 82447 | Vaults:1 | Noticed an entropy weaver
 82452 | Vaults:1 | Killed an entropy weaver
 82467 | Vaults:1 | Reached skill level 6 in Armour
 83168 | Vaults:2 | Killed an entropy weaver
 83385 | Vaults:2 | Reached skill level 7 in Armour
 83933 | Vaults:2 | Noticed an entropy weaver
 83945 | Vaults:2 | Killed an entropy weaver
 84351 | Vaults:2 | Found Lyhib Nufi's Distillery.
 84382 | Vaults:2 | Bought a potion of berserk rage for 100 gold pieces
 84382 | Vaults:2 | Bought a potion of heal wounds for 100 gold pieces
 84382 | Vaults:2 | Bought a potion of berserk rage for 100 gold pieces
 84382 | Vaults:2 | Bought a potion of haste for 200 gold pieces
 84382 | Vaults:2 | Bought a potion of heal wounds for 100 gold pieces
 84700 | Vaults:2 | Reached skill level 8 in Armour
 84921 | Vaults:2 | Found a staircase to the Crypt.
 84921 | Vaults:2 | Found a basalt altar of Yredelemnul.
 84921 | Vaults:2 | Found an ancient bone altar of Kikubaaqudgha.
 85912 | Vaults:3 | Noticed a lich
 85930 | Vaults:3 | Killed a lich
 85967 | Vaults:3 | Reached skill level 9 in Armour
 86366 | Vaults:3 | Reached skill level 25 in Unarmed Combat
 87276 | Vaults:3 | Reached skill level 10 in Armour
 87374 | Vaults:3 | You fall into a shaft and drop 1 floor!
 87402 | Vaults:4 | Found a flickering gateway to a bazaar.
 87422 | Bazaar   | Entered a bazaar
 87422 | Bazaar   | Found Empof's Antique Armour Shoppe.
 87422 | Bazaar   | Found Togeb's Book Shoppe.
 87422 | Bazaar   | Found Simikh's General Store.
 87422 | Bazaar   | Found Vuit's Jewellery Boutique.
 87428 | Bazaar   | Bought a +4 ring of slaying for 780 gold pieces
 87428 | Bazaar   | Bought an amulet of reflection for 300 gold pieces
 87446 | Bazaar   | Bought a runed hat for 168 gold pieces
 87474 | Bazaar   | Bought a scroll of magic mapping for 45 gold pieces
 87474 | Bazaar   | Bought a potion of heal wounds for 65 gold pieces
 88619 | Vaults:4 | Paralysed by a sphinx for 6 turns
 88849 | Vaults:4 | Noticed Margery
 89549 | Vaults:3 | Reached skill level 11 in Armour
 89893 | Vaults:4 | Reached XP level 21. HP: 185/185 MP: 20/20
 90817 | Vaults:4 | Reached skill level 12 in Armour
 91199 | Vaults:4 | Identified the +1 broad axe "Topiy" {flame, rN+}
 91199 | Vaults:4 | Identified the ring "Peitwugu" {+Blink rC+ Int+6}
 91470 | Vaults:4 | Identified the Volume of Beguiling and Conjuration
 91616 | Vaults:5 | Entered Level 5 of the Vaults
 91634 | Vaults:4 | Reached skill level 22 in Fighting
 91940 | Vaults:4 | Reached skill level 13 in Armour
 92182 | Vaults:5 | Noticed a deep elf demonologist
 92230 | Vaults:5 | Killed a deep elf demonologist
 92262 | Vaults:5 | Reached skill level 26 in Unarmed Combat
 92262 | Vaults:5 | Noticed a deep elf sorcerer
 92976 | Vaults:5 | Killed a deep elf sorcerer
 93526 | Vaults:5 | Found the +7 pair of quick blades "Gyre" and "Gimble"
                  | {protect}
 93548 | Vaults:5 | Reached skill level 14 in Armour
 93915 | Vaults:5 | Identified the +3 morningstar "Genex" {speed, +Inv rPois
                  | Str-2 Dex-5}
 93917 | Vaults:5 | Reached XP level 22. HP: 122/194 MP: 21/21
 94286 | Vaults:5 | Got a silver rune of Zot
 94758 | Elf:1    | Entered Level 1 of the Elven Halls
 94780 | Elf:1    | Found a radiant altar of Vehumet.
 95794 | Elf:1    | Reached skill level 15 in Armour
 95899 | Elf:1    | Found an ancient bone altar of Kikubaaqudgha.
 95904 | Elf:1    | Noticed a deep elf sorcerer
 95920 | Elf:1    | Killed a deep elf sorcerer
 96729 | Elf:1    | Noticed a deep elf sorcerer
 96734 | Elf:1    | Killed a deep elf sorcerer
 97059 | Elf:2    | Found a runed translucent gate.
 97059 | Elf:2    | Found a runed translucent gate.
 97059 | Elf:2    | Found a runed translucent gate.
 97102 | Elf:2    | Noticed a deep elf demonologist
 97321 | Elf:2    | Found Sauqyah's Book Emporium.
 97321 | Elf:2    | Noticed a deep elf sorcerer
 97326 | Elf:2    | Killed a deep elf demonologist
 97505 | Elf:3    | Entered Level 3 of the Elven Halls
 97647 | Elf:3    | Noticed a deep elf sorcerer
 97658 | Elf:3    | Killed a deep elf sorcerer
 98245 | Elf:3    | Noticed a deep elf sorcerer
 98254 | Elf:3    | Killed a deep elf sorcerer
 98508 | Elf:2    | Noticed a deep elf sorcerer
 98511 | Elf:2    | Killed a deep elf sorcerer
 99261 | Elf:2    | Killed a deep elf sorcerer
 99265 | Elf:2    | Reached skill level 16 in Armour
 99747 | Depths:1 | Entered Level 1 of the Depths
100222 | Depths:1 | Found a transporter.
100239 | Depths:1 | Found a transporter.
100242 | Depths:1 | Noticed a caustic shrike
100243 | Depths:1 | Noticed a caustic shrike
100245 | Depths:1 | Noticed Morgoth's ghost (adept DgAr)
100550 | Depths:1 | Reached skill level 27 in Unarmed Combat
100785 | Depths:1 | Bought a faintly glowing plate armour for 924 gold pieces
100797 | Depths:1 | Identified the +4 plate armour "Raramm" {Dex+4} (You bought
                  | it in a shop on level 1 of the Depths)
100802 | Depths:1 | Bought a pair of glowing boots for 247 gold pieces
100811 | Depths:1 | Identified a +2 pair of boots of running (You bought it in
                  | a shop on level 1 of the Depths)
100868 | Depths:1 | Reached skill level 23 in Fighting
101006 | Depths:1 | Found a gateway to Hell.
101061 | Depths:1 | Found a one-way gate to the infinite horrors of the Abyss.
101091 | Depths:1 | Reached skill level 2 in Throwing
101102 | Depths:1 | Paralysed by a floating eye for 3 turns
101441 | Depths:2 | Reached skill level 3 in Throwing
101820 | Depths:2 | Reached skill level 4 in Throwing
102112 | Depths:2 | Reached XP level 23. HP: 200/203 MP: 22/22
102447 | Depths:2 | Reached skill level 5 in Throwing
102454 | Depths:2 | You fall into a shaft and drop 1 floor!
102912 | Depths:2 | Reached skill level 6 in Throwing
103010 | Depths:2 | Identified the +8 quarterstaff of Resourcefulness {vorpal,
                  | Will+ Stlth+}
103038 | Depths:2 | Reached skill level 7 in Throwing
103355 | Depths:2 | Reached skill level 8 in Throwing
103359 | Depths:2 | Noticed a juggernaut
103373 | Depths:2 | Killed a juggernaut
103633 | Depths:2 | Found a one-way gate leading to the halls of Pandemonium.
103633 | Depths:2 | Noticed a caustic shrike
103645 | Depths:2 | Killed a caustic shrike
103646 | Depths:2 | Reached skill level 9 in Throwing
103683 | Depths:2 | Noticed a caustic shrike
103692 | Depths:2 | Killed a caustic shrike
104426 | Depths:3 | Found a hide-covered altar of Uskayaw.
104426 | Depths:3 | Noticed a caustic shrike
104426 | Depths:3 | Noticed a caustic shrike
104436 | Depths:2 | Killed a caustic shrike
104443 | Depths:2 | Killed a caustic shrike
104444 | Depths:2 | Reached skill level 10 in Throwing
104888 | Depths:3 | Noticed a caustic shrike
104900 | Depths:3 | Killed a caustic shrike
104920 | Depths:3 | Reached skill level 24 in Fighting
105127 | Depths:3 | Reached skill level 11 in Throwing
105468 | Vaults:5 | Upgraded the game from 0.27-a0-333-gfa571bf19a to
                  | 0.27-a0-343-gfcad680f63
106026 | Vaults:5 | Noticed a lich
106034 | Vaults:5 | Killed a lich
106046 | Vaults:5 | Reached skill level 17 in Armour
106588 | Vaults:5 | Reached XP level 24. HP: 214/214 MP: 22/22
107401 | Elf:3    | Noticed a deep elf demonologist
107438 | Elf:3    | Killed a deep elf demonologist
107544 | Elf:3    | Noticed a deep elf sorcerer
107547 | Elf:3    | Killed a deep elf sorcerer
107701 | Elf:3    | Noticed a deep elf sorcerer
107793 | Elf:3    | Identified the +12 great sword "Balielot" {antimagic, +Rage
                  | rN+++ Int-5}
107793 | Elf:3    | Identified the amulet "Xitemyet" {Spirit Dex+4 SInv}
107793 | Elf:3    | Noticed a deep elf demonologist
107899 | Elf:3    | Identified the +8 dagger of the Scavenger {antimagic, rElec
                  | rF+}
107899 | Elf:3    | Noticed a deep elf sorcerer
107901 | Elf:3    | Killed a deep elf sorcerer
107954 | Elf:3    | Killed a deep elf demonologist
108192 | Elf:3    | Killed a deep elf sorcerer
108362 | Elf:3    | Noticed a deep elf sorcerer
108404 | Elf:3    | Killed a deep elf sorcerer
108557 | Elf:3    | Identified Sif Muna's Reference Book on Fetching Shape
                  | Shifting
108569 | Elf:3    | Identified the Disquisition on Sinister Magic and Earth
109021 | Depths:3 | Reached skill level 12 in Throwing
109031 | Depths:3 | Reached skill level 18 in Armour
110152 | Depths:4 | Noticed a lich
110162 | Depths:4 | Killed a lich
111098 | Depths:5 | Entered Level 5 of the Depths
111396 | Depths:5 | Reached skill level 19 in Armour
112147 | Depths:5 | Noticed a lich
112179 | Depths:5 | Killed a lich
112671 | Depths:5 | Found a gate to the Realm of Zot.
113040 | Depths:5 | Reached skill level 25 in Fighting
114399 | Vaults:5 | Cast into level 4 of the Abyss (unwielding a weapon of
                  | distortion)
114425 | Abyss:4  | Found a corrupted altar of Lugonu.
114560 | Abyss:4  | Reached skill level 16 in Shields
114793 | Abyss:4  | Found a corrupted altar of Lugonu.
114810 | Abyss:4  | Reached skill level 20 in Armour
114818 | Abyss:4  | Reached XP level 25. HP: 198/224 MP: 20/22
115831 | Abyss:4  | Found a corrupted altar of Lugonu.
115837 | Abyss:4  | Killed a lich
115880 | Abyss:4  | Gained mutation: Your magical capacity is low. (-10% MP) [a
                  | neqoxec]
115882 | Abyss:4  | Gained mutation: Scrolls take you a little longer to read.
                  | [a neqoxec]
115896 | Abyss:4  | Paralysed by accursed screaming for 1 turns
115999 | Abyss:4  | Reached skill level 21 in Armour
116092 | Abyss:4  | Gained mutation: You are very weak. (Str -4) [a neqoxec]
116155 | Abyss:4  | Noticed an entropy weaver
116162 | Abyss:4  | Killed an entropy weaver
116356 | Abyss:4  | Reached skill level 17 in Shields
116727 | Vaults:5 | Escaped the Abyss
116962 | Depths:1 | Lost mutation: You are frail. (-10% HP) [potion of
                  | mutation]
116962 | Depths:1 | Lost mutation: You are very weak. (Str -4) [potion of
                  | mutation]
116962 | Depths:1 | Lost mutation: Your magical capacity is low. (-10% MP)
                  | [potion of mutation]
116962 | Depths:1 | Gained mutation: You are robust. (+10% HP) [potion of
                  | mutation]
117064 | Depths:2 | Lost mutation: You are weak. (Str -2) [potion of mutation]
117064 | Depths:2 | Lost mutation: Scrolls take you a little longer to read.
                  | [potion of mutation]
117064 | Depths:2 | Lost mutation: You are robust. (+10% HP) [potion of
                  | mutation]
117064 | Depths:2 | Lost mutation: You are surrounded by a mild repulsion
                  | field. (EV +2) [potion of mutation]
117064 | Depths:2 | Gained mutation: You are frail. (-10% HP) [potion of
                  | mutation]
117064 | Depths:2 | Gained mutation: You are partially covered in icy blue
                  | scales. (AC +2) [potion of mutation]
117561 | Slime:1  | Entered Level 1 of the Pits of Slime
119389 | Slime:2  | Gained mutation: You tend to lose your temper in combat. [a
                  | shining eye]
120067 | Slime:5  | Entered Level 5 of the Pits of Slime
120259 | Slime:4  | Reached skill level 18 in Shields
120457 | Slime:5  | Noticed the Royal Jelly
120475 | Slime:5  | Killed the Royal Jelly
120476 | Slime:5  | Reached skill level 26 in Fighting
120700 | Slime:4  | HP: 83/340 [acid[the Royal Jelly] (6)]
122067 | Slime:5  | Reached XP level 26. HP: 227/234 MP: 21/22
122119 | Slime:5  | Found the +10 tower shield of Ignorance {rN+ Int-4}
122121 | Slime:5  | Found the +2 cloak of the Thief {*Fog Slay-2 SInv Stlth+}
122125 | Slime:5  | Gained mutation: You are clumsy. (Dex -2) [a shining eye]
122176 | Slime:5  | Reached skill level 19 in Shields
122176 | Slime:5  | Identified the Tome of the Venomous Rocks
122279 | Slime:5  | Got a steaming ring mail
122380 | Slime:5  | Got a crystal shortbow
122397 | Slime:5  | Got a shimmering war axe
122400 | Slime:5  | Got a slimy rune of Zot
122402 | Slime:5  | Got a twitching pewter ring
122434 | Slime:5  | Got a pair of faintly glowing gloves
122445 | Slime:5  | Identified the +1 pair of gloves of Supple Strength
                  | {Slay+2} (You found it on level 5 of the Pits of Slime)
122455 | Slime:5  | Got a pair of ichor-stained boots
122466 | Slime:5  | Identified the +2 pair of boots of Servitude {Harm rCorr
                  | Dex+4} (You found it on level 5 of the Pits of Slime)
122505 | Slime:5  | Lost mutation: You are clumsy. (Dex -2) [a shining eye]
123484 | Zot:1    | Entered Level 1 of the Realm of Zot
123506 | Zot:1    | Noticed an orb of fire
123514 | Depths:5 | Gained mutation: Scrolls take you a little longer to read.
                  | [an orb of fire]
123528 | Depths:5 | Gained mutation: Your body sometimes deteriorates upon
                  | taking damage. [an orb of fire]
123536 | Depths:5 | Gained mutation: Your body often deteriorates upon taking
                  | damage. [an orb of fire]
123540 | Depths:5 | Killed an orb of fire
123716 | Depths:5 | Lost mutation: Scrolls take you a little longer to read.
                  | [potion of mutation]
123716 | Depths:5 | Lost mutation: You are frail. (-10% HP) [potion of
                  | mutation]
123716 | Depths:5 | Lost mutation: Your body often deteriorates upon taking
                  | damage. [potion of mutation]
123716 | Depths:5 | Gained mutation: You are somewhat resistant to further
                  | mutation. [potion of mutation]
123720 | Depths:5 | Bought a potion of might for 60 gold pieces
123720 | Depths:5 | Bought a potion of berserk rage for 75 gold pieces
123720 | Depths:5 | Bought a potion of might for 60 gold pieces
123720 | Depths:5 | Bought a potion of lignification for 45 gold pieces
123720 | Depths:5 | Bought a potion of haste for 150 gold pieces
123720 | Depths:5 | Bought a potion of invisibility for 120 gold pieces
124642 | Zot:1    | Identified the Volume of Entrancing Lightness
125037 | Zot:1    | Reached skill level 20 in Shields
126442 | Zot:1    | Got a spiked crystal plate armour
126453 | Zot:1    | Identified the +0 crystal plate armour of Exephua {SInv}
                  | (You found it on level 1 of the Realm of Zot)
127261 | Zot:1    | Reached skill level 21 in Shields
127636 | Zot:2    | Noticed an orb of fire
127636 | Zot:2    | Noticed an orb of fire
127799 | Zot:2    | Found a runed translucent gate.
127799 | Zot:2    | Found a runed translucent gate.
128314 | Zot:2    | Reached skill level 27 in Fighting
128394 | Zot:2    | Killed an orb of fire
128395 | Zot:2    | Reached skill level 22 in Shields
128723 | Zot:2    | Reached XP level 27. HP: 109/270 MP: 12/22
129602 | Zot:2    | Reached skill level 23 in Shields
129846 | Zot:2    | Found a runed translucent gate.
129855 | Zot:2    | Noticed Akugygoc's ghost (legendary MiFi)
129856 | Zot:2    | Noticed Etiafa's ghost (legendary TrWz)
130770 | Zot:3    | Noticed a curse toe
130811 | Zot:2    | Killed an orb of fire
130812 | Zot:2    | Reached skill level 24 in Shields
131394 | Zot:3    | Killed a curse toe
133341 | Zot:3    | Alvadar: Why do you look like the minotaur enemy?
134515 | Zot:4    | Noticed a curse toe
134535 | Zot:4    | Killed a curse toe
134536 | Zot:4    | Reached skill level 25 in Shields
135062 | Zot:5    | Entered Level 5 of the Realm of Zot
135091 | Zot:5    | hehateme: because im a minotaur >:D
135160 | Zot:5    | Noticed a curse toe
135175 | Zot:5    | Killed a curse toe
136810 | Zot:5    | hehateme: ?rc
136810 | Zot:5    | hehateme: ?rc hehateme
136810 | Zot:5    | hehateme: ??
136810 | Zot:5    | hehateme: ??help
136810 | Zot:5    | beem: help[1/5]: !help (I need somebody) !help (not just
                  | anybody) Try
                  | https://github.com/crawl/sequell/blob/master/docs/listgame.
                  | md or
                  | https://github.com/crawl/sequell/blob/master/docs/learndb.m
                  | d
136810 | Zot:5    | hehateme: my rc
136810 | Zot:5    | hehateme: tile_show_player_species = true
136810 | Zot:5    | hehateme: secret trick
136859 | Zot:5    | Reached skill level 26 in Shields
137101 | Zot:5    | Noticed a dread lich
137107 | Zot:5    | Paralysed by a dread lich for 2 turns
137115 | Zot:5    | Killed a dread lich
137205 | Zot:5    | Noticed a curse toe
138520 | Zot:5    | Noticed an orb of fire
138531 | Zot:5    | Gained mutation: Your magical capacity is low. (-10% MP)
                  | [an orb of fire]
138537 | Zot:5    | Killed an orb of fire
138538 | Zot:5    | Reached skill level 27 in Shields
138690 | Zot:5    | Noticed an orb of fire
138812 | Zot:5    | Noticed a dread lich
138816 | Zot:5    | Noticed a Tzitzimitl
138817 | Zot:5    | Noticed an orb of fire
138824 | Zot:5    | Killed a dread lich
138825 | Zot:5    | Reached skill level 22 in Armour
139087 | Zot:5    | Noticed an orb of fire
139089 | Zot:5    | Noticed an orb of fire
139099 | Zot:5    | Noticed an orb of fire
139116 | Zot:5    | Reached skill level 23 in Armour
139147 | Zot:5    | Killed an orb of fire
139166 | Zot:5    | Killed a dread lich
139173 | Zot:5    | Killed an orb of fire
139193 | Zot:5    | Killed an ancient lich
139200 | Zot:5    | Killed an orb of fire
139303 | Zot:5    | Killed an orb of fire
139305 | Zot:5    | Noticed a curse toe
139543 | Zot:5    | hehateme: is bribe not perm??
139587 | Zot:5    | Killed a curse toe
139909 | Zot:5    | Reached skill level 24 in Armour
140292 | Zot:5    | Got the Orb of Zot
140408 | Zot:2    | Noticed Zumeuc the pandemonium lord
140411 | Zot:2    | Noticed a lich
140416 | Zot:2    | Killed a lich
140434 | Zot:2    | Killed Zumeuc the pandemonium lord
140518 | Depths:4 | Noticed Suor the pandemonium lord
140525 | Depths:4 | Paralysed by a floating eye for 3 turns
140559 | Depths:3 | Noticed Tevet the pandemonium lord
140571 | Depths:3 | Killed Tevet the pandemonium lord
140733 | D:11     | Noticed a Brimstone Fiend
140741 | D:11     | Killed a Brimstone Fiend
140809 | D:8      | Noticed Cyubbisu the pandemonium lord
141030 | D:$      | Escaped with the Orb!

Table legend: (Time is in decaauts)
 A = Elapsed time spent in this place.
 B = Non-inter-level travel time spent in this place.
 C = Inter-level travel time spent in this place.
 D = Time resting spent in this place.
 E = Time spent auto-exploring this place.
 F = Levels seen in this place.
 G = Mean time per level.
                   A        B        C        D        E       F      G
               +--------+--------+--------+--------+--------+-----+--------+
         Total | 138204 | 126370 |  11834 |  43497 |  63732 |  57 | 2424.6 |
       Dungeon |  26327 |  22430 |   3897 |   4574 |  14471 |  15 | 1755.1 |
        Temple |     58 |     31 |     27 |      0 |     23 |   1 |   58.0 |
          Lair |  17717 |  15527 |   2190 |   4372 |   9340 |   6 | 2952.8 |
         Swamp |  11037 |  10541 |    496 |   3860 |   5143 |   4 | 2759.2 |
     Snake Pit |  23637 |  23179 |    458 |  11159 |   9210 |   4 | 5909.2 |
    Slime Pits |   4521 |   4208 |    313 |   2213 |   1291 |   5 |  904.2 |
  Orcish Mines |   2906 |   2502 |    404 |    214 |   1674 |   2 | 1453.0 |
   Elven Halls |   6263 |   5666 |    597 |   1465 |   3363 |   3 | 2087.7 |
        Vaults |  17642 |  15964 |   1678 |   4307 |   8995 |   5 | 3528.4 |
        Depths |  11026 |   9789 |   1237 |   2717 |   5334 |   5 | 2205.2 |
           Zot |  15026 |  14493 |    533 |   8258 |   4411 |   5 | 3005.2 |
         Abyss |   1974 |   1974 |      0 |    353 |    465 |   1 | 1974.0 |
        Bazaar |     64 |     64 |      0 |      0 |      8 |   1 |   64.0 |
               +--------+--------+--------+--------+--------+-----+--------+

Top non-repeatable levels by time:
 Snake:3: 7178 daAuts
 Snake:1: 6928 daAuts
  Lair:4: 5320 daAuts
Vaults:4: 4927 daAuts
 Snake:4: 4870 daAuts
 Snake:2: 4661 daAuts
Vaults:1: 4614 daAuts
   Zot:5: 4443 daAuts
    D:14: 4025 daAuts
  Lair:6: 3729 daAuts
    D:11: 3675 daAuts
  Lair:5: 3594 daAuts
 Swamp:4: 3461 daAuts
 Swamp:3: 3438 daAuts
Depths:2: 3378 daAuts

Table legend:
 A = Kills in this place as a percentage of kills in entire the game.
 B = Kills by you in this place as a percentage of kills by you in the entire game.
 C = Kills by friends in this place as a percentage of kills by friends in the entire game.
 D = Other kills in this place as a percentage of other kills in the entire game.
 E = Experience gained in this place as a percentage of experience gained in the entire game.
 F = Experience gained in this place divided by the number of levels of this place that you have seen.
                   A       B       C       D       E      F
               +-------+-------+-------+-------+-------+----------------------
         Total | 100.0 | 100.0 | 100.0 | 100.0 | 100.0 | 31951.1
       Dungeon |  18.3 |  18.5 |   0.0 |   0.0 |   4.6 | 5606.3
          Lair |   7.3 |   7.3 |   0.0 |   4.5 |   3.8 | 11678.0
         Swamp |   6.6 |   6.6 |   0.0 |   9.1 |   7.0 | 32006.2
     Snake Pit |   8.8 |   8.9 |  25.0 |   0.0 |   7.1 | 32341.5
    Slime Pits |   4.1 |   4.1 |   0.0 |   0.0 |   4.4 | 16183.2
  Orcish Mines |   5.8 |   5.9 |   0.0 |   0.0 |   1.0 | 9539.0
   Elven Halls |   4.4 |   4.0 |   0.0 |  50.0 |   5.4 | 32570.0
        Vaults |  15.6 |  15.7 |   0.0 |   4.5 |  18.9 | 68847.8
        Depths |  11.6 |  11.6 |   0.0 |  13.6 |  16.1 | 58531.0
           Zot |   8.6 |   8.3 |  75.0 |  18.2 |  24.8 | 90450.2
         Abyss |   8.9 |   9.0 |   0.0 |   0.0 |   6.7 | 122812.0
               +-------+-------+-------+-------+-------+----------------------

Action                   |  1- 3 |  4- 6 |  7- 9 | 10-12 | 13-15 | 16-18 | 19-21 | 22-24 | 25-27 || total
-------------------------+-------+-------+-------+-------+-------+-------+-------+-------+-------++-------
Melee: Unarmed           |    77 |   123 |   223 |   647 |  1066 |  1602 |  1597 |  1428 |  1808 ||  8571
       Headbutt          |    15 |    27 |    36 |   155 |   242 |   375 |   481 |   422 |   618 ||  2371
       Punch             |     1 |     1 |     9 |    51 |    84 |   101 |       |       |       ||   247
       Peck              |       |       |       |       |    36 |   347 |   451 |   417 |   585 ||  1836
Throw: Stone             |       |       |    22 |   182 |   125 |   111 |    24 |    18 |       ||   482
       Dart              |       |       |     6 |    16 |       |       |       |       |       ||    22
       Boomerang         |       |       |       |       |       |       |       |   137 |   430 ||   567
Invok: Potion Petition   |       |       |     1 |       |    11 |     9 |     5 |     6 |    11 ||    43
       Call Merchant     |       |       |       |       |       |       |     1 |     1 |     1 ||     3
       Bribe Branch      |       |       |       |       |       |       |       |       |     1 ||     1
Evoke: Wand              |       |       |     3 |    31 |    14 |     1 |     3 |       |    10 ||    62
       Phantom mirror    |       |       |       |       |     1 |     1 |     1 |       |       ||     3
       Phial of floods   |       |       |       |       |       |     2 |     2 |       |       ||     4
  Use: Scroll            |       |       |     6 |       |    16 |    25 |    12 |     9 |    12 ||    80
       Potion            |       |       |     8 |     2 |     8 |     7 |     7 |     3 |    25 ||    60
 Stab: Sleeping          |     4 |       |       |       |     1 |     2 |     1 |     1 |       ||     9
       Distracted        |       |       |       |     4 |     4 |     9 |    14 |    14 |    18 ||    63
       Paralysed         |       |       |       |     5 |       |     1 |       |       |       ||     6
       Petrified         |       |       |       |       |     2 |       |       |       |       ||     2
       Petrifying        |       |       |       |       |     1 |       |       |       |       ||     1
       Invisible         |       |       |       |       |       |     2 |     2 |     5 |     1 ||    10
Armor: Robe              |     8 |       |       |       |       |       |       |       |       ||     8
       Scale mail        |    17 |    35 |       |     3 |   210 |       |       |       |       ||   265
       Plate armour      |       |    16 |   140 |   270 |       |       |       |    18 |   275 ||   719
       Skin              |       |       |       |       |    39 |     7 |       |     1 |     5 ||    52
       Chain mail        |       |       |       |       |   253 |   615 |   390 |   258 |   199 ||  1715
Dodge: Dodged            |    50 |    64 |    65 |   186 |   458 |   935 |   541 |   396 |   601 ||  3296
Block: Tower shield      |       |       |       |       |    46 |       |    57 |       |       ||   103
       Buckler           |       |       |       |       |    34 |   135 |    28 |       |       ||   197
       Kite shield       |       |       |       |       |       |       |   799 |   748 |  1175 ||  2722
       Reflection        |       |       |       |       |       |       |    12 |    90 |    12 ||   114

Vanquished Creatures
  the Royal Jelly (Slime:5)
  2 dread liches (Zot:5)
  2 pandemonium lords
  Mara (Swamp:3)
  6 orbs of fire
  A juggernaut (Depths:2)
  2 Killer Klowns
  5 caustic shrikes
  13 golden dragons
  4 curse toes
  Nikola (Swamp:4)
  4 bone dragons
  An electric golem (Zot:5)
  A Brimstone Fiend (D:11)
  24 tentacled monstrosities
  5 liches
  16 Orb Guardians
  A deep elf master archer (Elf:3)
  7 quicksilver dragons
  A deep elf blademaster (Elf:3)
  15 acid blobs
  8 titans
  7 death cobs
  7 sphinxes
  A thorn hunter (Swamp:4)
  9 tentacled starspawn (Abyss:4)
  An Executioner (Abyss:4)
  Kirke (Lair:5)
  Donald (Swamp:4)
  12 shadow dragons
  4 nagarajas (Snake:4)
  6 draconian monks
  16 storm dragons
  12 tengu reavers
  3 fenstrider witches (Swamp:4)
  18 azure jellies
  A frost giant (shapeshifter) (Vaults:5)
  13 fire giants
  4 ghost moths
  9 frost giants
  11 deep elf sorcerers
  3 draconian scorchers
  Aizul (Snake:4)
  7 draconian shifters
  5 draconian knights
  12 vault wardens
  2 iron dragons (Vaults:5)
  4 ghouls (Swamp:4)
  4 draconian stormcallers
  18 stone giants
  2 orc warlords (Orc:2)
  3 draconian annihilators
  A war gargoyle (Vaults:5)
  7 deep elf elementalists
  15 ironheart preservers
  16 very ugly things
  A caustic shrike skeleton (D:15)
  3 spriggan defenders
  An ophan (Abyss:4)
  14 green draconians
  15 black draconians
  5 deep elf annihilators
  2 vampire knights
  4 entropy weavers
  4 deep elf demonologists
  A lorocyproca (Abyss:4)
  16 red draconians
  6 bunyips
  16 yellow draconians
  10 purple draconians
  4 white draconians
  9 ettins
  2 blizzard demons
  A spark wasp (Depths:2)
  2 crystal guardians (Abyss:4)
  3 eleionomae
  A green death (Swamp:4)
  5 deep elf death magi (Elf:3)
  2 jiangshi (Depths:1)
  8 death oozes
  Josephine (Orc:1)
  12 yaktaur captains
  A fire dragon (shapeshifter) (Vaults:5)
  2 merfolk impalers
  A shambling mangrove (Swamp:4)
  6 deep elf high priests
  2 great orbs of eyes (shapeshifter) (Abyss:4)
  7 great orbs of eyes
  16 ice dragons
  An ice dragon (shapeshifter) (Abyss:4)
  20 naga warriors
  12 fire dragons
  9 rakshasas
  37 vault guards
  3 spriggan air magi
  4 boulder beetles
  17 anacondas
  10 ogre magi
  7 centaur warriors
  5 ghost crabs
  Erica (D:8)
  2 catoblepae (Lair:6)
  2 death knights
  19 hydras
  An alligator snapping turtle (shapeshifter) (Vaults:2)
  15 death yaks
  4 alligators
  6 shock serpents
  8 deep troll shamans
  A vampire mage (Depths:1)
  5 tengu warriors
  A satyr (Abyss:4)
  2 orc high priests
  21 thrashing horrors (Abyss:4)
  27 two-headed ogres
  7 deep troll earth magi
  7 hell knights
  3 spriggan berserkers
  15 deep elf knights
  15 naga sharpshooters
  17 spriggans
  A shadow wraith (Vaults:3)
  2 soul eaters
  6 salamander mystics
  A fire crab (Abyss:4)
  2 goliath frogs
  A fire crab (shapeshifter) (Vaults:2)
  5 wretched stars (Abyss:4)
  5 spatial maelstroms (Abyss:4)
  26 deep trolls
  2 sixfirhies (Swamp:4)
  2 skeletal warriors
  4 flayed ghosts
  An unseen horror (shapeshifter) (Depths:3)
  2 death drakes
  2 iron trolls
  13 unseen horrors
  A deep troll (shapeshifter) (Depths:3)
  2 tengu zombies (Depths:3)
  3 sea snakes (Snake:4)
  3 glowing orange brains
  3 spriggan druids
  7 swamp dragons
  5 bog bodies
  11 deep elf archers
  A golden dragon skeleton (Depths:3)
  13 naga ritualists
  A harpy (shapeshifter) (Vaults:1)
  24 deep elf pyromancers
  13 wizards
  19 ironbrand convokers
  5 phantasmal warriors
  3 necromancers
  22 mana vipers
  46 ugly things
  A lindwurm (shapeshifter) (Depths:3)
  6 lindwurms
  3 wolf spiders
  An orb spider (Abyss:4)
  17 orc knights
  An anaconda skeleton (Abyss:4)
  7 orc sorcerers
  2 salamanders (shapeshifter)
  2 will-o-the-wisps
  A sphinx skeleton (Depths:3)
  28 deep elf zephyrmancers
  4 shining eyes
  6 cyclopes
  2 worldbinders (Abyss:4)
  A tengu skeleton (Vaults:3)
  3 manticores
  2 centaur zombies
  40 black mambas
  A rust devil (Depths:2)
  29 moths of wrath
  13 salamanders
  A fire giant zombie (Depths:3)
  A guardian serpent (shapeshifter) (Abyss:4)
  3 smoke demons (Abyss:4)
  11 elephants
  A fire giant skeleton (D:15)
  11 vault sentinels
  2 gargoyles
  14 naga magi
  3 eyes of devastation
  An elephant (shapeshifter) (Depths:2)
  7 guardian serpents
  2 molten gargoyles (Lair:4)
  14 cane toads
  An apocalypse crab (Abyss:4)
  3 orange demons
  5 spectral swamp worms (Depths:4)
  4 centaur skeletons
  6 rime drakes
  A cane toad (shapeshifter) (Elf:3)
  A kobold demonologist (D:11)
  An elf skeleton (D:15)
  A hellion (Abyss:4)
  8 komodo dragons
  32 yaktaurs
  A rime drake (shapeshifter) (Vaults:5)
  2 tengu conjurers (Depths:2)
  A spriggan skeleton (D:15)
  10 ancient zymes (Abyss:4)
  5 freezing wraiths
  10 hellwings
  A polar bear (shapeshifter) (D:13)
  A queen bee (Depths:2)
  9 trolls
  10 tyrant leeches
  19 hornets
  Grinder (D:4)
  A jumping spider (Vaults:2)
  15 blink frogs
  A raiju (shapeshifter) (Vaults:4)
  35 raiju (Abyss:4)
  A snapping turtle (shapeshifter) (Vaults:4)
  A human simulacrum (Vaults:3)
  A meliai zombie (D:14)
  7 dream sheep (Lair:6)
  106 slime creatures
  A stone giant simulacrum (Vaults:3)
  10 flying skulls (Abyss:4)
  11 water elementals
  11 wraiths
  2 shadows
  14 starcursed masses (Abyss:4)
  2 redbacks (Vaults:2)
  2 vampires
  8 humans (D:14)
  A yak (shapeshifter) (Vaults:2)
  4 fire bats (Abyss:4)
  51 yaks
  2 fire elementals
  An orc simulacrum (Vaults:3)
  10 golden eyes (Abyss:4)
  4 basilisks
  5 wyverns
  8 neqoxecs
  A hog (shapeshifter) (Vaults:3)
  13 chaos spawn
  20 swamp worms
  Menkaure (D:7)
  56 nagas
  9 vampire mosquitoes
  5 wargs
  4 soldier ants
  3 spatial vortices (Abyss:4)
  3 hydra simulacra (Swamp:3)
  18 water moccasins
  2 acid dragons
  2 floating eyes
  4 hell hounds (Zot:2)
  31 large abominations
  4 ice beasts
  An ettin simulacrum (Vaults:3)
  5 sky beasts
  2 swamp drakes
  A black bear (D:11)
  3 necrophages
  60 orc warriors
  8 eyes of draining
  16 wolves
  13 boggarts
  A wolf (shapeshifter) (Abyss:4)
  29 ogres
  32 centaurs
  5 phantoms
  18 bullfrogs
  9 kobold brigands
  A wyvern zombie (D:9)
  A gnoll sergeant (D:10)
  A human skeleton (Vaults:3)
  3 earth elementals
  A wyvern skeleton (D:11)
  A scorpion (shapeshifter) (Vaults:3)
  2 scorpions
  17 small abominations
  30 killer bees
  4 wights (D:14)
  An electric eel (Snake:4)
  3 howler monkeys
  5 lava snakes (Lair:4)
  2 bullfrog zombies
  14 jellies
  2 quasits
  2 yaktaur simulacra
  9 hounds
  2 gnoll shamans
  3 iron imps
  4 iguanas
  32 orc priests
  32 orc wizards
  11 worker ants
  A killer bee zombie (D:6)
  A hound skeleton (D:6)
  A howler monkey zombie (D:8)
  2 worker ant zombies
  20 gnolls
  A howler monkey skeleton (D:11)
  11 adders
  A shadow imp (D:7)
  2 white imps
  6 ufetubi
  4 oozes
  2 adder zombies
  2 adder skeletons
  3 worms
  3 dart slugs
  2 leopard geckos
  110 orcs
  A ball python (D:4)
  2 giant cockroaches
  4 goblins
  4 hobgoblins
  12 jackals
  5 quokkas
  6 bats
  3 frilled lizards
  16 kobolds
  A quokka zombie (D:5)
  7 rats
  2 lurking horrors (Abyss:4)
  2 starspawn tentacles (Abyss:4)
2589 creatures vanquished.

Vanquished Creatures (collateral kills)
  A Killer Klown (Zot:5)
  An electric golem (Zot:5)
  3 Orb Guardians (Zot:5)
  A draconian shifter (Zot:5)
  A yellow draconian (Zot:5)
  A mana viper (Snake:1)
  A black mamba (Snake:1)
9 creatures vanquished.

Vanquished Creatures (others)
  A dread lich (Zot:5)
  3 orbs of fire (Zot:5)
  An ancient lich (Zot:5)
  A lich (Abyss:4)
  8 Orb Guardians (Zot:5)
  A green draconian (Zot:5)
  A black draconian (Zot:5)
  A jiangshi (Depths:1)
  13 dancing weapons
  A deep elf knight (Vaults:1)
  A wizard (Swamp:4)
  2 bloated husks
  A blink frog (Lair:6)
  2 fire bats (Abyss:4)
  4 humans
  A chaos spawn (Abyss:4)
  A vampire mosquito (Swamp:2)
  A boggart (Depths:1)
  2 small abominations (Abyss:4)
  A hound (D:5)
  An orc wizard (Vaults:1)
  An adder (D:5)
  An ufetubus (D:5)
  A worm (D:5)
  An orc (Orc:2)
  4 foxfires (Abyss:4)
  56 fungi
  3 lurking horrors (Abyss:4)
  108 plants
  22 starspawn tentacles (Abyss:4)
  17 withered plants
262 creatures vanquished.

Grand Total: 2860 creatures vanquished You could see an Orb Guardian.

Levels and vault maps discovered:
D:1:      nicolae_arrival_memento_mori, layout_basic
D:2:      layout_loops_ring, overflow_temple_1_default,
          okawaru_metal_pillars_1_2, nemelex_dance_club_becter
D:3:      layout_basic, lemuel_crystal_altar, serial_park_tiny_pond
D:4:      minmay_inner_zag, layout_basic, nicolae_qazlal_style_of_elements,
          uniq_grinder
D:5:      layout_loops_ring, fedhas_bush_and_centaur_altar, xom_confusion_cloud
D:6:      layout_layer_cave, kennysheep_mini_moat, tso_metal_star, st_stairs_8
D:7:      layout_rooms, nicolae_overflow_crystal_walls,
          minmay_temple_entry_mini_moons, sigmund_army, uniq_menkaure
D:8:      layout_loops_ring, nzn_wu_jian_council_hall, lemuel_doored_altar,
          patterned_corridor, uniq_erica
D:9:      kennysheep_seaside_town, layout_loops_ring, kennysheep_mini,
          kennysheep_little_box
D:10:     layout_gridville, lair_entry_dummy, orc_0_dummy
D:11:     minmay_chambers_of_sixes, layout_loops_corners,
          hangedman_abyss_or_decor_jellyfish_corner, minmay_between
D:12:     layout_long_grid, serial_glass, glass_columns_c, glass_columns_a,
          minmay_tree_intersection
D:13:     layout_gridville
D:14:     layout_roguey, ximxim_vaults_locker_room, nicolae_gozag_seed_capital
D:15:     gammafunk_depths_entry_grave, layout_gridville,
          nicolae_trove_entry_columns
Temple:   cyrus_temple_forest
Lair:1:   layout_gridlike, nicolae_quartered_pool_super
Lair:2:   layout_loops_ring, serial_bayou_pond_d
Lair:3:   layout_small_grid, maelrawn_ghost_gauntlet_escape,
          grunt_forest_small_clearing_treed
Lair:4:   cheibrodos_magma_flow, layout_layer_cave, minmay_swamp_entry_worms,
          guppyfry_snake_entry_garden, st_stairs_12
Lair:5:   layout_cave_pods, minmay_slime_entry_jelly_boxes
Lair:6:   hangedman_lair_in_review, layout_loops_ring, uniq_kirke
Swamp:1:  layout_basic_swamp, serial_swamp_ruin, evilmike_swamp_ruin_rubble_2,
          evilmike_swamp_ruin_house_5, evilmike_swamp_ruin_house_4, swamp_pool1,
          nicolae_swamp_little_tower
Swamp:2:  cheibrodos_swamp_heart_of_darkness, layout_falls_marsh,
          evilmike_swamp_ruin_house_1
Swamp:3:  layout_basic_swamp, gammafunk_ghost_cemetery,
          hangedman_swamp_ruin_wall, swamp_pool3, hangedman_swamp_double_dragon,
          uniq_mara
Swamp:4:  nzn_swamp_witches_coven, layout_basic_swamp, swamp_pool3, uniq_nikola,
          uniq_donald
Snake:1:  layout_misc_corridors, grunt_megastairs_1
Snake:2:  layout_onion, st_stairs_9
Snake:3:  layout_gridlike
Snake:4:  snake_pit_salamanders_mu, layout_cave_town, serial_shops,
          nicolae_shop_stone, abandoned_shop, serial_bayou_pond_b,
          serial_bayou_pond_c, minmay_shop_grove, uniq_aizul
Slime:1:  layout_caves
Slime:2:  layout_caves
Slime:3:  layout_caves
Slime:4:  layout_caves
Slime:5
Orc:1:    layout_caves, serial_shops, nicolae_shop_crystal, nicolae_shop_stone,
          nicolae_shop_statue_plus, nicolae_shop_temple_entry_statues_fountains,
          uniq_snorg, uniq_erolcha, uniq_josephine
Orc:2:    grunt_orc_community_town_hall, layout_diamond_mine,
          grunt_orc_community_big_house_2, grunt_orc_community_big_house_1,
          grunt_orc_community_house_3, grunt_orc_community_house_1,
          grunt_orc_community_house_1, grunt_orc_community_house_2,
          grunt_orc_community_house_1, basic_altar
Elf:1:    eino_elf_arrival_altar, layout_onion_city, basic_altar,
          hangedman_elf_disciples, minmay_strange_pillars, nrook_loot_triangle,
          columned_hall_lemuel, drop_trap
Elf:2:    layout_geoelf_octagon, serial_shops, nicolae_shop_stone,
          lemuel_elevator
Elf:3:    minmay_elf_hall_curves, layout_onion_city, grunt_ministairs_7,
          eino_tiny_chamber
Vaults:1: gammafunk_vaults_ghost_cemetery, v_misc_30, grunt_vaults_bifocal,
          nicolae_vaults_gold_heap, v_misc_27, hangedman_vaults_trim,
          vaults_dpeg_cross, grunt_vaults_twisty, gammafunk_its_a_trap,
          nicolae_vaults_little_squares_2, hangedman_vaults_stagger,
          hangedman_vaults_stream, vaults_room_semicircle,
          layout_vaults_maze_bifur, serial_shops, shop
Vaults:2: nicolae_vaults_back_hallway, minmay_crypt_entry_necro_gods,
          nicolae_vaults_what_the_h, vaults_dpeg_encased_lava,
          nicolae_vaults_circle_grid_b, v_misc_31, nicolae_vaults_little_ls,
          ontoclasm_vaults_gateway, serial_ice_b, grunt_vaults_swirl, v_misc_23,
          layout_vaults_ring, serial_shops, shop
Vaults:3: v_misc_32, nicolae_vaults_network_s, grunt_vaults_hallway_long,
          nicolae_vaults_angled_halls, vaults_room_corners,
          vaults_standard_mumra_x, hangedman_vaults_capsules,
          layout_vaults_omnigrid
Vaults:4: st_greater_box_3, v_rooms_2, vaults_mumra_lcd,
          nicolae_vaults_diagonal_hallway_7, v_alt_pattern_2,
          vaults_mumra_minichess, nicolae_vaults_little_squares_2,
          layout_vaults_chaotic_city, serial_shops, bzr_entry_dummy,
          uniq_margery
Vaults:5: serial_shops
Depths:1: layout_basic, gammafunk_ghost_berserking_beasts, abyss_entry,
          grunt_hell_entry_dis_old, drop_trap, hangedman_decor_riveting,
          minivault_1, kennysheep_generic_room_6
Depths:2: box_level_dp, hell_entry, pan_entry
Depths:3: regret_index_uskayaw_diablada_macabre, layout_cave_pools,
          infiniplex_staircase_pillars_1, pan_entry, hell_entry
Depths:4: lemuel_flame_loot_2, layout_basic, enter_ziggurat_c,
          minmay_room_of_horrors, grunt_decor_fettered, pf_hell_entry_tar_river,
          grunt_ministairs_4
Depths:5: grunt_twist_and_shout, layout_small_grid,
          hangedman_abyss_or_decor_clamps, hell_entry, grunt_ministairs_8
Zot:1:    layout_misc_corridors, st_large_dragon_hoard_2
Zot:2:    grunt_deathspiral_small, layout_concentric_octagons,
          gammafunk_ghost_cemetery, skrybe_zot_glass_2
Zot:3:    layout_misc_corridors
Zot:4:    layout_gridlike
Zot:5:    layout_twisted_circle
